 Dungeon Crawl Stone Soup version 0.21.1-1-g345015f (webtiles) character file.

41886 shakethe the Slicer (level 14, -3/75 HPs)
             Began as a Vine Stalker Fighter on Feb 23, 2018.
             Was a High Priest of Okawaru.
             Slain by a salamander
             ... wielding a +0 glaive
              (4 damage)
             ... in a volcano.
             The game lasted 00:55:11 (15569 turns).

shakethe the Slicer (Vine Stalker Fighter)         Turns: 15569, Time: 00:55:12

Health: -3/75      AC: 19    Str: 21    XL:     14   Next: 17%
Magic:  0/21       EV: 13    Int: 11    God:    Okawaru [*****.]
Gold:   426        SH:  0    Dex: 19    Spells: 11/21 levels left

rFire    . . .     SeeInvis .   W - +5 dagger (elec)
rCold    . . .     Gourm    .   (no shield)
rNeg     . . .     Faith    .   N - +0 chain mail "Ozody" {+Fly rElec rPois Int-3}
rPois    +         Spirit   +   y - +2 helmet
rElec    +         Reflect  .   A - +1 cloak
rCorr    .         Harm     .   k - +0 pair of gloves
MR       +....                  e - +0 pair of boots
Stlth    ..........             g - amulet of magic regeneration
HPRegen  1.02/turn              a - ring "Kytse" {rPois Str-2 Int+2 Dex+4}
MPRegen  0.42/turn              D - +4 ring of strength

@: confused, studying Earth Magic
A: fangs 3, regeneration 2, magic shield, antimagic bite, no potion heal 3, rot
immunity
a: Heroism, Finesse, Renounce Religion, Evoke Flight


You were in a volcano.
You worshipped Okawaru.
Okawaru was extremely pleased with you.
You were not hungry.

You visited 3 branches of the dungeon, and saw 18 of its levels.
You also visited: Labyrinth and Volcano.

You collected 523 gold pieces.
You spent 97 gold pieces at shops.

Inventory:

Hand Weapons
 b - the +10 flail "Efiogukh" {elec, rElec}
   (You took it off a minotaur in a labyrinth)

   Occasionally, upon striking a foe, it will discharge some electrical energy
   and cause terrible harm.
   It insulates you from electricity.
 W - a +5 dagger of electrocution (weapon)
   (Okawaru gifted it to you on level 2 of the Lair of Beasts)
 X - the +7 falchion of Mastery {slice, MR+ Stlth+, unknown}
   (You took it off a centaur on level 3 of the Lair of Beasts)

   It inflicts extra damage upon your enemies.
   It affects your resistance to hostile enchantments.
   It makes you more stealthy.
Armour
 c - a scarf of repulsion
   (Okawaru gifted it to you on level 13 of the Dungeon)
 e - a +0 pair of boots (worn)
   (You found it on level 1 of the Dungeon)
 k - a +0 pair of gloves (worn)
   (You found it on level 1 of the Dungeon)
 y - a +2 helmet (worn)
   (You found it on level 3 of the Dungeon)
 A - a +1 cloak (worn)
   (You found it on level 5 of the Dungeon)
 N - the +0 chain mail "Ozody" (worn) {+Fly rElec rPois Int-3}
   (You found it in a labyrinth)

   It affects your intelligence (-3).
   It insulates you from electricity.
   It protects you from poison.
   It lets you fly.
Jewellery
 a - the ring "Kytse" (left hand) {rPois Str-2 Int+2 Dex+4}
   (You found it on level 2 of the Lair of Beasts)

   [ring of poison resistance]

   It affects your strength (-2).
   It affects your intelligence (+2).
   It affects your dexterity (+4).
   It protects you from poison.
 g - an amulet of magic regeneration (around neck)
   (You found it on level 1 of the Dungeon)
 D - a +4 ring of strength (right hand)
   (You found it on level 5 of the Dungeon)
 Q - an uncursed ring of protection from magic {MR+, !d}
   (You took it off a crimson imp on level 10 of the Dungeon)
Wands
 l - a wand of disintegration (37)
   (You found it on level 12 of the Dungeon)
 w - a wand of iceblast (6)
   (You found it in a labyrinth)
 F - a wand of acid (23)
   (You found it on level 5 of the Dungeon)
 O - a wand of polymorph (19)
   (You found it on level 13 of the Dungeon)
Scrolls
 h - a scroll of enchant armour
 u - 6 scrolls of enchant weapon
 v - 3 scrolls of teleportation
 B - a scroll of magic mapping {!r}
 C - 5 scrolls of remove curse
 J - a scroll of fear
 K - a scroll of noise {unknown}
 M - 2 scrolls of vulnerability {!r!r}
 R - 2 scrolls of identify
Potions
 d - 3 potions of might
 j - 4 potions of haste {unknown}
 m - 3 potions of agility {unknown}
 n - a potion of cancellation
 p - 4 potions of curing
 q - a potion of mutation {!q}
 s - 2 potions of brilliance
 E - a potion of invisibility {unknown}
 G - 4 potions of magic
 H - 2 potions of flight
 I - 2 potions of berserk rage {unknown}
 P - a potion of lignification {unknown}
Books
 S - a manual of Earth Magic {!d}
   (You found it in a labyrinth)
Miscellaneous
 L - a crystal ball of energy
   (You found it on level 10 of the Dungeon)
Comestibles
 f - 27 rations
 o - a chunk of flesh {@w0@w0}


   Skills:
 + Level 9.0 Fighting
 - Level 10.0 Short Blades
 + Level 8.2 Armour
 + Level 7.6 Dodging
   Level 8.5 Shields
 + Level 4.2 Spellcasting
 + Level 4.2 Necromancy
 + Level 4.2 Translocations
 + Level 6.4 Earth Magic
 + Level 8.6 Invocations
 - Level 2.4 Evocations


You had 11 spell levels left.
You knew the following spells:

 Your Spells              Type           Power        Failure   Level  Hunger
a - Borgnjor's Vile Clut  Necr/Erth      ##........   99%         5    ######.
b - Blink                 Tloc           N/A          41%         2    ##.....
r - Regeneration          Chrm/Necr      #.........   91%         3    ###....


Dungeon Overview and Level Annotations

Branches:
Dungeon (13/15)            Temple (1/1) D:4            Lair (4/6) D:11
 Shoals (0/4) Lair:3        Snake (0/4) Lair:2          Orc (0/2) D:12
 Vaults (0/5) D:13

Altars:
Cheibriados
Elyvilon
Fedhas
Hepliaklqana
Kikubaaqudgha
Makhleb
Nemelex Xobeh
Okawaru
Ru
Sif Muna
Trog
Vehumet
Yredelemnul
Zin
The Shining One

Shops:
D:4 =   D:8 ?

Annotations:
D:2 Sigmund
D:10 2 runed doors


Innate Abilities, Weirdness & Mutations

You have razor-sharp teeth.
You heal very quickly.
When hurt, damage is shared between your health and your magic reserves.
Your bite disrupts and absorbs the magic of your enemies.
Potions cannot restore your health.
You are immune to rotting.


Message History

Eating one of 3 chunks of flesh {@w0@w0}.
You eat one of the 3 chunks of flesh {@w0@w0}.
You are feeling hungry.
Eating one of 2 chunks of flesh {@w0@w0}.
You eat one of the 2 chunks of flesh {@w0@w0}.
The air gets thick with the scent of sulphur.
You regained 14 hp, and now have 50/75 hp.
You start resting.
The volcano roars to life, belching forth lava!
You regained 2 hp, and now have 53/75 hp.
You're standing in a cloud of flame!
Unknown command.
You start resting.
You feel like a meek peon again.
You regained 6 hp, and now have 60/75 hp.
You start resting.
Health restored: 75 You see here a trident.
You are engulfed in blazing flames.
You take 9 damage, and have 66/75 hp.
You now have 19/21 mp.
You are engulfed in blazing flames.
You take 9 damage, and have 57/75 hp.
You now have 17/21 mp.
You are engulfed in blazing flames.
You take 6 damage, and have 51/75 hp.
You now have 15/21 mp.
MP restored: 21 Health restored: 75 The air gets thick with the scent of sulphur.
The volcano roars to life, belching forth lava!
You are engulfed in blazing flames.
You take 15 damage, and have 60/75 hp.
You now have 16/21 mp.
You are engulfed in blazing flames.
You take 8 damage, and have 52/75 hp.
You now have 14/21 mp.
Why would you want to do that?
Unknown command.
You are engulfed in blazing flames.
You take 8 damage, and have 44/75 hp.
You now have 11/21 mp.
You regained 2 hp, and now have 56/75 hp.
You start resting.
The air gets thick with the scent of sulphur.
You regained 12 hp, and now have 70/75 hp.
MP restored: 21 The volcano roars to life, belching forth lava!
Health restored: 75 Really walk into that cloud of flame?
You are engulfed in blazing flames.
The salamander hits you but does no damage.
You take 11 damage, and have 64/75 hp.
You now have 18/21 mp.
The air gets thick with the scent of sulphur.
The salamander hits you but does no damage.
The volcano roars to life, belching forth lava!
You are engulfed in blazing flames.
You take 17 damage, and have 50/75 hp.
MASSIVE DAMAGE!!
You now have 14/21 mp.
Why would you want to do that?
Unknown command.
You are engulfed in blazing flames.
The salamander hits you but does no damage.
You take 7 damage, and have 43/75 hp.
You now have 12/21 mp.
Why would you want to do that?
Unknown command.
Aim: a salamander, wielding a glaive (flame, chance to defeat MR: 59%)
The salamander is blasted.
You are engulfed in blazing flames.
The salamander hits you from afar with a glaive!
You are engulfed in flames!
* * * LOW HITPOINT WARNING * * *
You take 30 damage, and have 13/75 hp.
MASSIVE DAMAGE!!
You now have 4/21 mp.
Unknown command.
Okay, then.
As you read the scroll of fear, it crumbles to dust.
You assume a fearsome visage.
The salamander resists with some effort.
The salamander misses you.
As you read the scroll of fog, it crumbles to dust.
The scroll dissolves into smoke.
You are confused.
Your system rejects the healing.
You feel invigorated.
The salamander hits you from afar with a glaive!
* * * LOW HITPOINT WARNING * * *
You are engulfed in flames!
* * * LOW HITPOINT WARNING * * *
You take 15 damage, and have 1/75 hp.
You now have 0/21 mp.
You regained 6 mp, and now have 6/21 mp.
You regained 3 mp, and now have 9/21 mp.
The salamander hits you from afar with a glaive.
You are engulfed in flames!
* * * LOW HITPOINT WARNING * * *
You take 2 damage, and have 1/75 hp.
You now have 6/21 mp.
You regained 5 mp, and now have 11/21 mp.
Okay, then.
Okay, then.
Okay, then.
You're too confused!
You're too confused to move!
The salamander hits you from afar with a glaive!
* * * LOW HITPOINT WARNING * * *
You are engulfed in flames!
You die...

#......≈≈≈§§§≈≈≈§≈≈§≈§.#
##......≈≈≈≈§≈≈§≈≈≈≈§≈.#
##......§≈≈≈§≈§≈§≈≈§≈§.#
#........≈≈§§§≈≈≈≈≈≈≈≈§#
##.....≈≈≈≈≈§§≈≈≈§≈≈≈≈.##
#.....≈≈≈§≈§§§§..§≈..≈..
###....≈§§§≈.§§§≈§§≈≈≈§≈
#∩.∩..§§§§.§≈§≈≈§§§≈≈§§§
#####..@§N§≈§§≈≈≈§§§§≈§§
#..§§§§§§§§≈§≈≈≈≈≈≈§§
###...§§§§§§.§§≈§≈§≈≈
###........§≈§≈≈≈≈≈
###.........≈≈≈≈≈
#######........ ####.....
#####. ##


You could see a salamander.

Vanquished Creatures
  Frances (D:12)
  The ghost of Cofein the Carver, a journeyman FoFi of Qazlal (Lair:2)
  A minotaur (Lab)
  2 vault guards (D:13)
  2 centaur warriors (D:13)
  2 tengu warriors (D:13)
  7 two-headed ogres
  3 skeletal warriors (D:13)
  2 unseen horrors
  A lindwurm (Lair:4)
  2 orc knights
  A deep elf mage (D:12)
  4 ugly things
  A salamander (Volcano)
  3 manticores
  2 cyclopes (D:11)
  An elephant (Volcano)
  2 centaur zombies
  A black mamba (Lair:4)
  3 spiny frogs
  A komodo dragon (Lair:1)
  7 trolls
  Grinder (D:6)
  12 blink frogs
  A hornet (D:11)
  A meliai zombie (D:12)
  4 hippogriffs
  A spriggan (D:7)
  A water elemental (D:11)
  3 wyverns
  Eustachio (D:6)
  13 yaks
  2 fire bats (Volcano)
  2 basilisks (Lair:3)
  The ghost of shakethe the Poker, an amateur MfGl (D:3)
  4 hungry ghosts
  A warg (D:10)
  4 nagas (Lair:2)
  3 water moccasins
  4 porcupines
  2 phantoms
  6 ice beasts
  10 orc warriors
  4 black bears
  3 sky beasts
  A hornet zombie (D:11)
  9 ogres
  A necrophage (D:9)
  12 wolves
  8 crocodiles
  10 centaurs
  2 big kobolds
  13 bullfrogs
  6 scorpions
  A wyvern skeleton (D:11)
  A water moccasin skeleton (D:10)
  A killer bee (D:9)
  2 howler monkeys
  4 wights
  An electric eel (Lair:3)
  5 crimson imps
  2 jellies
  2 lava snakes
  A bullfrog zombie (D:10)
  7 orc priests
  2 centaur skeletons
  14 hounds
  11 orc wizards
  4 quasits
  Jessica (D:2)
  2 iguanas
  11 worker ants
  2 killer bee zombies
  2 hound zombies
  Robin (D:4)
  2 worker ant zombies
  A howler monkey skeleton (D:9)
  7 gnolls
  12 adders
  8 shadow imps
  2 oozes
  2 worms (D:2)
  3 dart slugs
  5 leopard geckos
  54 orcs
  6 giant cockroaches
  13 goblins
  8 hobgoblins
  5 jackals
  11 quokkas
  3 ball pythons
  14 bats
  7 frilled lizards
  A jackal zombie (D:6)
  15 kobolds
  12 rats
464 creatures vanquished.

Vanquished Creatures (others)
  3 plants (Lair:3)
3 creatures vanquished.

Grand Total: 467 creatures vanquished

Notes
Turn   | Place    | Note
-------+----------+-------------------------------------------
     0 | D:1      | shakethe the Vine Stalker Fighter began the quest for the Orb.
     0 | D:1      | Reached XP level 1. HP: 11/11 MP: 2/2
    58 | D:1      | Reached XP level 2. HP: 15/16 MP: 3/3
   190 | D:1      | Reached skill level 2 in Short Blades
   731 | D:2      | Noticed Sigmund
   816 | D:2      | Noticed Jessica
   827 | D:2      | Killed Jessica
   827 | D:2      | Reached skill level 3 in Fighting
   827 | D:2      | Reached skill level 3 in Shields
   827 | D:2      | Reached XP level 3. HP: 7/20 MP: 1/4
  1076 | D:2      | Reached skill level 1 in Dodging
  1387 | D:2      | Gained mutation: Your natural rate of healing is unusually fast. [Vine Stalker growth]
  1387 | D:2      | Reached XP level 4. HP: 24/24 MP: 5/5
  1519 | D:2      | Found a hazy altar of Hepliaklqana.
  1892 | D:3      | Noticed shakethe's ghost (amateur MfGl)
  1918 | D:3      | HP: 5/24 [shakethe's ghost (9)]
  1919 | D:3      | Killed shakethe's ghost
  1919 | D:3      | Reached skill level 3 in Armour
  1919 | D:3      | Reached XP level 5. HP: 6/28 MP: 1/6
  1919 | D:3      | Reached XP level 6. HP: 7/32 MP: 1/7
  1992 | D:3      | Reached skill level 3 in Short Blades
  1993 | D:3      | Reached skill level 2 in Dodging
  2749 | D:4      | Noticed Robin
  2785 | D:4      | Killed Robin
  2812 | D:4      | Reached skill level 4 in Shields
  2827 | D:4      | Reached XP level 7. HP: 37/37 MP: 8/8
  3023 | D:4      | Found a staircase to the Ecumenical Temple.
  3036 | D:4      | Reached skill level 4 in Short Blades
  3041 | Temple   | Entered the Ecumenical Temple
  3141 | Temple   | Became a worshipper of Warmaster Okawaru
  3542 | D:4      | Found Viguis's Jewellery Shoppe.
  3596 | D:4      | Reached skill level 5 in Shields
  3746 | D:5      | Entered Level 5 of the Dungeon
  3989 | D:5      | Found a glowing silver altar of Zin.
  3992 | D:5      | Found a glowing golden altar of the Shining One.
  4082 | D:5      | Gained mutation: You have razor-sharp teeth. [Vine Stalker growth]
  4082 | D:5      | Reached XP level 8. HP: 42/42 MP: 9/9
  4098 | D:5      | Reached skill level 5 in Short Blades
  4271 | D:5      | Reached * piety under Okawaru
  4274 | D:5      | Reached skill level 6 in Short Blades
  4384 | D:5      | Found a bloodstained altar of Trog.
  4891 | D:6      | Reached skill level 7 in Short Blades
  4917 | D:6      | Noticed Eustachio
  4933 | D:6      | Killed Eustachio
  5189 | D:6      | Reached skill level 8 in Short Blades
  5189 | D:6      | Reached XP level 9. HP: 42/45 MP: 10/10
  5232 | D:6      | Found a radiant altar of Vehumet.
  5259 | D:6      | Noticed Grinder
  5275 | D:6      | Paralysed by Grinder for 3 turns
  5278 | D:6      | Killed Grinder
  5966 | D:7      | Reached skill level 9 in Short Blades
  6042 | D:7      | Found a sacrificial altar of Ru.
  6068 | D:7      | Reached ** piety under Okawaru
  6453 | D:7      | Reached skill level 10 in Short Blades
  6639 | D:8      | Reached skill level 4 in Fighting
  6670 | D:8      | Reached skill level 1 in Invocations
  6886 | D:8      | Reached *** piety under Okawaru
  6900 | D:8      | Noticed a two-headed ogre
  6920 | D:8      | Killed a two-headed ogre
  6920 | D:8      | Reached skill level 4 in Armour
  6920 | D:8      | Reached skill level 3 in Dodging
  6920 | D:8      | Reached skill level 2 in Invocations
  6920 | D:8      | Reached XP level 10. HP: 42/51 MP: 12/12
  7068 | D:8      | Found Ceon Jycs's Magic Scroll Boutique.
  7073 | D:8      | Reached skill level 6 in Shields
  7084 | D:8      | Bought a scroll of enchant weapon for 97 gold pieces
  7279 | D:9      | Reached **** piety under Okawaru
  7383 | D:9      | Noticed a two-headed ogre
  7394 | D:9      | Killed a two-headed ogre
  7394 | D:9      | Reached skill level 5 in Fighting
  7394 | D:9      | Reached skill level 3 in Invocations
  7503 | D:9      | Reached ***** piety under Okawaru
  7506 | D:9      | Noticed a two-headed ogre
  7528 | D:9      | Reached skill level 4 in Dodging
  7532 | D:9      | Killed a two-headed ogre
  7532 | D:9      | Reached skill level 5 in Armour
  7532 | D:9      | Reached skill level 4 in Invocations
  7543 | D:9      | Reached XP level 11. HP: 54/56 MP: 15/15
  7585 | D:9      | Noticed a two-headed ogre
  7588 | D:9      | Killed a two-headed ogre
  7644 | D:9      | Found a snail-covered altar of Cheibriados.
  7644 | D:9      | Found a white marble altar of Elyvilon.
  7739 | D:9      | Reached skill level 7 in Shields
  7804 | D:10     | Entered Level 10 of the Dungeon
  7812 | D:10     | Noticed an orc knight
  7873 | D:10     | Killed an orc knight
  7873 | D:10     | Reached skill level 6 in Fighting
  8095 | D:10     | Reached skill level 5 in Invocations
  8104 | D:10     | Found a runed door.
  8104 | D:10     | Found a runed door.
  8104 | D:10     | Noticed a centaur warrior
  8286 | D:10     | Noticed a two-headed ogre
  8293 | D:10     | Killed a two-headed ogre
  8293 | D:10     | Received a gift from Okawaru
  8293 | D:10     | Reached skill level 5 in Dodging
  8611 | D:10     | Noticed a manticore
  8620 | D:10     | Noticed a two-headed ogre
  8688 | D:11     | Reached skill level 8 in Shields
  8709 | D:11     | Found a staircase to the Lair.
  8817 | D:11     | Reached skill level 6 in Armour
  8821 | D:11     | Found a labyrinth entrance.
  8839 | Lab      | Entered a labyrinth
  9248 | Lab      | Noticed a minotaur
  9255 | Lab      | HP: 12/58 [minotaur/dazzling flail {elec} (15)]
  9273 | Lab      | HP: 12/58 [minotaur/dazzling flail {elec} (15)]
  9274 | Lab      | Killed a minotaur
  9277 | Lab      | Got a dazzling flail {elec}
  9294 | Lab      | Identified the Grimoire of the Mountains
  9295 | Lab      | Got a heavily runed chain mail
  9295 | Lab      | Got a jewelled buckler
  9302 | Lab      | Got a scorched triple sword
  9321 | D:11     | Identified the +2 buckler of Asutid {Dex+5 Stlth-} (You found it in a labyrinth)
  9331 | D:11     | Identified the cursed +0 chain mail "Ozody" {+Fly rElec rPois Int-3} (You found it in a labyrinth)
  9466 | D:11     | Found a blossoming altar of Fedhas.
  9472 | D:11     | Identified the Collected Works on Cloudy Clay
  9596 | D:11     | Gained mutation: You heal very quickly. [Vine Stalker growth]
  9596 | D:11     | Reached XP level 12. HP: 60/62 MP: 17/17
  9783 | D:11     | Reached skill level 6 in Invocations
  9796 | D:11     | Reached skill level 7 in Fighting
 10473 | D:12     | Reached ****** piety under Okawaru
 10507 | D:12     | Found a staircase to the Orcish Mines.
 10619 | D:12     | Reached skill level 6 in Dodging
 10624 | D:12     | Received a gift from Okawaru
 10628 | D:12     | Reached skill level 1 in Evocations
 11049 | D:12     | Reached skill level 7 in Armour
 11192 | D:12     | Noticed Frances
 11232 | D:12     | Killed Frances
 11232 | D:12     | Reached skill level 7 in Invocations
 11232 | D:12     | Reached skill level 2 in Evocations
 11543 | D:12     | Learned a level 3 spell: Regeneration
 11546 | D:12     | Learned a level 2 spell: Blink
 11552 | D:12     | Learned a level 5 spell: Borgnjor's Vile Clutch
 11632 | D:13     | Noticed a centaur warrior
 11650 | D:13     | Killed a centaur warrior
 11650 | D:13     | Reached skill level 1 in Earth Magic
 11726 | D:13     | Reached skill level 8 in Fighting
 11752 | D:13     | Noticed a tengu warrior
 11762 | D:13     | Killed a tengu warrior
 11762 | D:13     | Reached skill level 1 in Spellcasting
 11762 | D:13     | Reached skill level 1 in Necromancy
 11762 | D:13     | Reached skill level 1 in Translocations
 11762 | D:13     | Reached XP level 13. HP: 56/68 MP: 16/19
 11816 | D:13     | Reached skill level 2 in Earth Magic
 11847 | D:13     | Received a gift from Okawaru
 11883 | D:13     | Reached skill level 2 in Spellcasting
 11883 | D:13     | Reached skill level 2 in Necromancy
 11883 | D:13     | Reached skill level 3 in Earth Magic
 11887 | D:13     | Reached skill level 2 in Translocations
 12065 | D:13     | Found a gate to the Vaults.
 12065 | D:13     | Noticed a vault guard
 12065 | D:13     | Noticed a vault guard
 12065 | D:13     | Noticed a vault guard
 12066 | D:13     | Noticed a vault guard
 12114 | D:12     | Identified the +10 flail "Efiogukh" {elec, rElec} (You took it off a minotaur in a labyrinth)
 12242 | D:13     | Reached skill level 7 in Dodging
 12270 | D:13     | Killed a vault guard
 12284 | D:13     | Reached skill level 4 in Earth Magic
 12339 | D:13     | Killed a vault guard
 12339 | D:13     | Reached skill level 8 in Invocations
 12426 | Lair:1   | Entered Level 1 of the Lair of Beasts
 12584 | Lair:1   | Reached skill level 3 in Necromancy
 12601 | Lair:1   | Reached skill level 3 in Translocations
 12703 | Lair:1   | Reached skill level 3 in Spellcasting
 13382 | Lair:2   | Reached skill level 5 in Earth Magic
 13388 | Lair:2   | Found a staircase to the Snake Pit.
 13570 | Lair:2   | Noticed Cofein's ghost (journeyman FoFi)
 13598 | Lair:2   | Killed Cofein's ghost
 13598 | Lair:2   | Reached skill level 8 in Armour
 13858 | Lair:2   | Received a gift from Okawaru
 14031 | Lair:2   | Got a bound steel ring
 14095 | Lair:2   | Identified the ring "Kytse" {rPois Str-2 Int+2 Dex+4} (You found it on level 2 of the Lair of Beasts)
 14307 | Lair:3   | Reached XP level 14. HP: 71/74 MP: 19/21
 14386 | Lair:3   | Got an uncursed slimy falchion {slice}
 14409 | Lair:3   | Reached skill level 4 in Spellcasting
 14409 | Lair:3   | Reached skill level 4 in Translocations
 14416 | Lair:3   | Reached skill level 4 in Necromancy
 14426 | Lair:3   | Reached skill level 6 in Earth Magic
 14480 | Lair:3   | Found a staircase to the Shoals.
 14862 | Lair:3   | You fall through a shaft!
 14991 | Lair:4   | Found a dark tunnel.
 15054 | Volcano  | Entered a volcano
 15357 | Volcano  | Found a burning altar of Makhleb.
 15391 | Volcano  | HP: 18/74 [salamander/halberd (7)]
 15396 | Volcano  | HP: 14/74 [salamander/halberd (6)]
 15422 | Volcano  | Reached skill level 9 in Fighting
 15560 | Volcano  | HP: 13/75 [salamander/glaive (12)]
 15564 | Volcano  | HP: 1/75 [salamander/glaive (10)]
 15569 | Volcano  | HP: 1/75 [salamander/glaive (2)]
 15569 | Volcano  | Slain by a salamander

Skill      XL: |  1  2  3  4  5  6  7  8  9 10 11 12 13 14 |
---------------+-------------------------------------------+-----
Short Blades   | 2 3 4 8 10 | 10.0
Fighting       | 3 4 5 6 8 9 |  9.0
Shields        | 3 4 5 6 8 |  8.5
Dodging        | 1 2 3 4 5 6 7 |  7.6
Armour         | 3 4 5 6 7 8 |  8.2
Invocations    | 2 4 5 7 8 |  8.6
Evocations     | 2 |  2.4
Earth Magic    | 1 5 6 |  6.4
Spellcasting   | 1 3 4 |  4.2
Necromancy     | 1 3 4 |  4.2
Translocations | 1 3 4 |  4.2

Action                   |  1- 3 |  4- 6 |  7- 9 | 10-12 | 13-15 || total
-------------------------+-------+-------+-------+-------+-------++-------
Melee: Rapier            |    13 |       |       |       |       ||    13
       Bite              |    13 |    43 |    91 |   322 |   267 ||   736
       Dagger            |    56 |   222 |   315 |   756 |   530 ||  1879
       Flail             |       |       |       |       |    12 ||    12
Invok: Heroism           |       |       |     1 |    13 |     6 ||    20
       Finesse           |       |       |       |     1 |     1 ||     2
Evoke: Wand              |       |       |     1 |     2 |     4 ||     7
  Use: Scroll            |       |     8 |       |    15 |     8 ||    31
       Potion            |       |       |       |     1 |     2 ||     3
  Eat: Chunk             |     1 |     5 |    10 |    11 |    13 ||    40
       Ration            |       |       |     1 |     2 |       ||     3
Armor: Scale mail        |    16 |    98 |    96 |    31 |       ||   241
       Troll leather arm |       |       |       |    34 |       ||    34
       Chain mail        |       |       |       |   124 |   166 ||   290
Dodge: Dodged            |    15 |    73 |    57 |   235 |   180 ||   560
Block: Shield            |    30 |   128 |    95 |   174 |       ||   427
       Buckler           |       |       |       |   121 |   129 ||   250

Vault maps used:
D:1:      giann_bridges
D:2:      marbit_many_paths, minmay_randomly_rotated_circles, uniq_jessica,
          uniq_sigmund
D:3:      portal_sewer_entry_e
D:4:      temple_fountains, serial_shops, shop, first_ration, minivault_25,
          uniq_robin
D:5:      nicolae_overflow_crystal_walls, lemuel_doored_altar, basic_altar
D:6:      lemuel_crystal_altar, uniq_grinder, uniq_eustachio
D:7:      old_standard_altar, the_bakery
D:8:      serial_shops, nicolae_shop_crystal
D:9:      gammafunk_temple_overflow_wave
D:10:     minmay_the_grid_triangle_9x9_recursive_2, onia_ninara_cookie
D:11:     statuecave_lemuel, lair_entry_dummy, lab_entry_generic, fedhas_altar_4
D:12:     hiddenorc2_lemuel, uniq_frances
D:13:     lightli_vaults_fourway_checkpoint
Temple:   regret_index_temple_generic_petals
Lair:1:   st_stairs_6, serial_bayou_pond_e
Lair:2:   minmay_snake_entry_guardpost_small, infiniplex_staircase_pool_2
Lair:3:   minmay_shoals_entry_centaurs, serial_bayou_shore_a
Lair:4:   nicolae_volcano_entry_vermiform, lemuel_fruit_tree
Volcano:  volcano_lake

Table legend:
 A = Turns spent in this place as a percentage of turns spent in the entire game.
 B = Non-inter-level travel turns spent in this place as a percentage of non-inter-level travel turns spent in the entire game.
 C = Inter-level travel turns spent in this place as a percentage of turns spent in this place.
 D = Turns resting spent in this place as a percentage of non-inter-level travel turns spent in this place.
 E = Turns spent auto-exploring this place as a percentage of non-inter-level travel turns spent in this place.
 F = Non-inter-level travel turns spent in this place divided by the number of levels of this place that you've seen.
                   A       B       C       D       E      F
               +-------+-------+-------+-------+-------+----------------------
         Total | 100.0 | 100.0 |   3.3 |   3.6 |  59.5 | 752.8
       Dungeon |  75.9 |  75.6 |   3.6 |   4.3 |  61.9 | 876.0
        Temple |   0.9 |   0.7 |  28.2 |   0.0 |  87.3 | 102.0
          Lair |  16.9 |  17.2 |   1.6 |   0.0 |  70.5 | 646.5
     Labyrinth |   3.0 |   3.1 |   0.0 |   0.0 |   0.0 | 465.0
       Volcano |   3.3 |   3.4 |   0.0 |   9.3 |   0.0 | 515.0
               +-------+-------+-------+-------+-------+----------------------

Table legend:
 A = Kills in this place as a percentage of kills in entire the game.
 B = Kills by you in this place as a percentage of kills by you in the entire game.
 C = Kills by friends in this place as a percentage of kills by friends in the entire game.
 D = Other kills in this place as a percentage of other kills in the entire game.
 E = Experience gained in this place as a percentage of experience gained in the entire game.
 F = Experience gained in this place divided by the number of levels of this place that you have seen.
                   A       B       C       D       E      F
               +-------+-------+-------+-------+-------+----------------------
         Total | 100.0 | 100.0 |   N/A |   N/A | 100.0 | 2991.9
       Dungeon |  82.5 |  82.5 |   N/A |   N/A |  70.4 | 3239.5
          Lair |  16.2 |  16.2 |   N/A |   N/A |  25.2 | 3772.2
     Labyrinth |   0.2 |   0.2 |   N/A |   N/A |   1.8 | 1098.0
       Volcano |   1.1 |   1.1 |   N/A |   N/A |   2.6 | 1538.0
               +-------+-------+-------+-------+-------+----------------------
